AoeStats
← choka60

Lombardia

510170736Analyzed
4v4 RM · 2d ago on Sep 29, 2026· 60m 21s· 8 players
Game mode
Random Map
Map size
Large (8 player)
Population
200
Speed
Normal
Resources
Standard
Victory
Conquest
Starting age
Dark Age
Ending age
Imperial Age
RankedLock teamsTeams togetherTeam positionsShared explorationLock speedFull tech treeHidden civsTurbo modeCheats
Victory
Defeat
🇳🇱 Poles · Netherlands
1184
+16
🇷🇺 Ethiopians · Russia
1183
+16
🇹🇷 Franks · Türkiye
1154
+17
🇬🇧 Magyars · United Kingdom
1149
+17
🇨🇦 Persians · Canada
1252
-19
🇫🇷 Magyars · France
1205
-18
🇫🇷 Britons · France
1147
-15
🇫🇷 Khitans · France
1125
-14
zeron
5:52 Loom
9:55 Feudal Age
17:45 Castle Age
15:47 Double-Bit Axe
19:07 Bow Saw
29:28 Scale Barding Armor
32:09 Husbandry
31:31 Light Cavalry
32:18 Gold Mining
32:19 Stone Mining
35:01 Imperial Age
34:30 Gold Shaft Mining
34:48 Gold Shaft Mining
34:54 Fortified Wall
35:16 Town Watch
36:06 Wheelbarrow
35:35 Cavalier
36:57 Paladin
38:47 Chain Barding Armor
38:38 Forging
40:47 Plate Barding Armor
42:23 Squires
42:10 Gambesons
43:02 Conscription
43:05 Caravan
44:50 Iron Casting
46:31 Coinage
48:01 Hoardings
48:20 Arson
49:38 Chemistry
48:50 Masonry
48:29 Elite Throwing Axeman
51:23 Pikeman
53:05 Blast Furnace
deRoode
10:57 Feudal Age
9:52 Loom
12:28 Loom
15:03 Castle Age
15:01 Double-Bit Axe
15:34 Horse Collar
16:53 Heavy Plow
17:11 Bow Saw
20:02 Heavy Plow
21:48 Wheelbarrow
21:02 Town Watch
25:52 Hand Cart
25:43 Gold Mining
25:48 Stone Mining
30:45 Imperial Age
29:01 Husbandry
29:11 Bloodlines
29:28 Szlachta Privileges
30:44 Forging
30:39 Scale Barding Armor
30:26 Fletching
30:49 Cavalier
32:34 Iron Casting
32:31 Conscription
33:11 Crop Rotation
33:28 Stone Shaft Mining
34:49 Siege Engineers
34:43 Murder Holes
36:18 Blast Furnace
35:38 Chain Barding Armor
35:14 Bodkin Arrow
38:20 Light Cavalry
39:25 Lechitic Legacy
39:30 Pikeman
40:11 Squires
39:57 Arson
40:16 Scale Mail Armor
41:13 Winged Hussar
44:17 Caravan
52:53 Bracer
52:53 Padded Archer Armor
53:09 Chain Mail Armor
54:55 Elite Obuch
56:12 Hoardings
55:07 Sappers
xSantalogx
6:48 Loom
9:44 Feudal Age
10:22 Double-Bit Axe
20:16 Wheelbarrow
22:08 Castle Age
20:46 Gold Mining
22:50 Horse Collar
24:33 Scale Barding Armor
25:52 Chain Barding Armor
27:46 Corvinian Army
33:12 Husbandry
33:25 Bloodlines
37:27 Imperial Age
39:06 Plate Barding Armor
38:37 Padded Archer Armor
38:28 Fletching
39:00 Ballistics
39:41 Chemistry
39:57 Conscription
40:27 Recurve Bow
41:11 Hand Cart
40:42 Town Watch
41:09 Bow Saw
41:01 Heavy Plow
41:38 Gold Shaft Mining
40:55 Stone Mining
41:24 Leather Archer Armor
41:05 Bodkin Arrow
40:55 Treadmill Crane
41:12 Murder Holes
41:49 Parthian Tactics
41:55 Thumb Ring
42:28 Heavy Cavalry Archer
44:29 Bracer
45:18 Ring Archer Armor
45:29 Caravan
48:07 Elite Magyar Huszar
Atilla
0:29 Loom
12:07 Feudal Age
12:48 Double-Bit Axe
14:10 Horse Collar
21:09 Castle Age
19:23 Gold Mining
19:28 Stone Mining
22:30 Heavy Plow
22:44 Bow Saw
23:40 Heavy Plow
24:02 Caravan
25:20 Fletching
27:04 Ballistics
28:54 Wheelbarrow
28:05 Town Watch
28:36 Bodkin Arrow
29:06 Arson
29:23 Squires
34:12 Imperial Age
32:58 Gold Shaft Mining
32:12 Crossbowman
33:10 Thumb Ring
32:41 Elite Skirmisher
33:39 Padded Archer Armor
33:50 Forging
34:41 Hand Cart
34:48 Leather Archer Armor
34:18 Arbalester
36:08 Chemistry
35:02 Halberdier
37:04 Bracer
37:54 Scale Mail Armor
38:33 Iron Casting
38:36 Man-at-Arms
39:02 Arson
41:21 Two-Man Saw
40:32 Siege Engineers
41:35 Blast Furnace
40:56 Chain Mail Armor
42:03 Ring Archer Armor
48:53 Torsion Engines
52:25 Masonry
57:08 Murder Holes
57:46 Architecture
59:24 Conscription
61:09 Conscription
HeN.Ninj'
2:32 Loom
11:21 Feudal Age
13:35 Horse Collar
20:42 Castle Age
21:08 Double-Bit Axe
21:58 Pikeman
23:16 Bow Saw
26:16 Wheelbarrow
27:14 Bloodlines
27:05 Husbandry
28:05 Heavy Plow
29:46 Wheelbarrow
30:57 Hand Cart
30:31 Town Watch
36:30 Imperial Age
34:21 Scale Barding Armor
35:27 Masonry
35:32 Corvinian Army
36:03 Gold Mining
36:39 Chain Barding Armor
36:10 Fletching
38:36 Plate Barding Armor
38:04 Halberdier
38:44 Capped Ram
39:02 Cavalier
41:08 Scale Mail Armor
42:20 Two-Man Saw
41:19 Paladin
44:51 Caravan
51:46 Conscription
choka60
9:20 Loom
11:36 Feudal Age
16:02 Castle Age
14:19 Double-Bit Axe
17:18 Forging
18:03 Scale Barding Armor
21:09 Horse Collar
24:12 Wheelbarrow
24:40 Chain Barding Armor
25:33 Gold Mining
25:57 Bow Saw
27:23 Bloodlines
27:15 Husbandry
28:07 Iron Casting
28:56 Hand Cart
30:36 Heavy Plow
33:52 Imperial Age
33:32 Cavalier
35:09 Crop Rotation
36:44 Plate Barding Armor
37:38 Savar
39:45 Blast Furnace
39:44 Caravan
43:06 Stone Mining
43:51 Gold Shaft Mining
50:20 Two-Man Saw
53:07 Light Cavalry
60:05 Town Watch
Pasatho
10:05 Feudal Age
11:21 Loom
11:27 Loom
16:03 Castle Age
21:50 Double-Bit Axe
26:46 Domestication
27:19 Bow Saw
27:03 Gold Mining
27:04 Stone Mining
27:02 Town Watch
27:49 Pastoralism
29:25 Wheelbarrow
34:20 Imperial Age
32:33 Forging
32:28 Scale Barding Armor
32:56 Hand Cart
32:42 Town Patrol
34:28 Iron Casting
34:26 Husbandry
35:47 Chain Barding Armor
34:51 Heavy Camel Rider
37:27 Plate Barding Armor
38:24 Ordo Cavalry
42:52 Two-Man Saw
43:44 Elite Steppe Lancer
56:33 Transhumance
HeN.Diyo
9:15 Loom
11:01 Feudal Age
15:47 Castle Age
14:10 Horse Collar
16:10 Double-Bit Axe
17:58 Bow Saw
20:24 Gold Mining
24:10 Wheelbarrow
24:36 Town Watch
25:15 Heavy Plow
30:48 Imperial Age
28:17 Fletching
29:05 Bodkin Arrow
29:10 Padded Archer Armor
29:19 Padded Archer Armor
29:56 Crossbowman
31:29 Hand Cart
31:52 Leather Archer Armor
32:22 Ballistics
34:12 Conscription
33:58 Bracer
34:29 Ring Archer Armor
34:33 Town Patrol
36:07 Chemistry
34:40 Elite Longbowman
34:56 Arbalester
39:01 Caravan
46:16 Pikeman
47:16 Scale Mail Armor
47:27 Forging
46:46 Halberdier
Connection lost

Rejoining the realm…

Still unreachable

The connection could not be restored.

Session expired

The server has moved on; the page needs a fresh start.